 Dungeon Crawl Stone Soup version 0.19-a0-1697-g0595f0e (webtiles) character file.

70 st0uf the Skirmisher (level 4, 12/37 HPs)
             Began as a Demonspawn Fighter on Sept 26, 2016.
             Quit the game on level 4 of the Dungeon.
             The game lasted 00:05:42 (1055 turns).

st0uf the Skirmisher (Demonspawn Fighter)           Turns: 1055, Time: 00:05:43

Health: 12/37      AC:  8    Str: 17    XL:     4   Next: 3%
Magic:  4/4        EV:  9    Int:  9    God:
Gold:   145        SH:  0    Dex: 13    Spells: 0 memorised, 3 levels left

rFire  . . .     SeeInvis .     a - +0 long sword
rCold  . . .     Gourm    .     b - +0 scale mail
rNeg   . . .     Faith    .     (no shield)
rPois  .         Spirit   .     (no helmet)
rElec  .         Dismiss  .     i - +0 cloak (curse)
rCorr  .         Reflect  .     (no gloves)
MR     .....     Harm     .     (no boots)
Stlth  ..........               (no amulet)
                                (no ring)
                                (no ring)

@: seriously poisoned (12 -> 1)
A: hooves 2, powered by death 1
a: no special abilities


You were on level 4 of the Dungeon.
You were not hungry.

You visited 1 branch of the dungeon, and saw 5 of its levels.
You also visited: Sewer.

You collected 145 gold pieces.

Inventory:

Hand Weapons
 a - a +0 long sword (weapon)
Armour
 b - a +0 scale mail (worn)
 i - a cursed +0 cloak (worn)
Scrolls
 e - 3 scrolls of teleportation {unknown}
 g - 2 scrolls of remove curse {unknown}
 h - 2 scrolls of random uselessness {unknown}
 l - 2 scrolls of enchant weapon {unknown}
 n - 2 scrolls of fear {unknown}
 o - a scroll of amnesia {unknown}
Potions
 d - a potion of might
 j - 2 potions of mutation {unknown}
 k - a potion of lignification {unknown}
 p - a potion of beneficial mutation {unknown}
Comestibles
 c - 2 meat rations
 f - a bread ration
 m - 2 chunks of flesh


   Skills:
 * Level 3.7 Fighting
 * Level 2.8 Long Blades
 + Level 3.0 Armour
 + Level 1.0 Dodging
   Level 2.6 Shields


You had 3 spell levels left.
You didn't know any spells.

Dungeon Overview and Level Annotations

Branches:
Dungeon (5/15)
 Temple: D:4-7

Altars:

Shops:
D:4 !


Innate Abilities, Weirdness & Mutations

You have hoof-like feet.
You regenerate a little health from kills.


Message History

You feel sick. The worker ant bites you.
You are more poisoned.
The worker ant poisons you!
Your scale mail prevents you from hitting the worker ant.
The worker ant is lightly wounded.
You feel sick. The worker ant barely misses you. The worker ant bites you.
You are more poisoned.
The worker ant poisons you!
You closely miss the worker ant.
The worker ant is lightly wounded.
You feel sick.
The ogre shouts!
The worker ant bites you but does no damage.
You feel sick.
You feel sick.
You feel sick. The worker ant bites you.
You feel sick.
You feel sick.
You feel sick.
Are you sure you want to abandon this character and quit the game? (Confirm with "yes".)

.# .######.## <#
.O.......# .# #O.#
.# #..# .. #..# ##
#..# #..# #a.# #..
#####@.# #.#
#......# #.#
#.###.## ##.# #.#
#.# ...# #.# #.#
#.#########.###.#
#...............#
##...........#####
....##########


You could see an ogre and a worker ant.

Vanquished Creatures
  A centaur skeleton (D:4)
  2 adders (D:4)
  A worm (D:4)
  3 giant cockroaches (D:4)
  2 hobgoblins
  6 jackals
  A bat (D:1)
  A kobold (D:3)
  3 rats
20 creatures vanquished.

Notes
Turn   | Place    | Note
-------+----------+-------------------------------------------
     0 | D:1      | st0uf the Demonspawn Fighter began the quest for the Orb.
     0 | D:1      | Reached XP level 1. HP: 18/18 MP: 1/1
   133 | D:3      | Gained mutation: You have large cloven feet. [demonic ancestry]
   133 | D:3      | Reached XP level 2. HP: 16/24 MP: 2/2
   231 | D:4      | Found Vovin's Distillery.
   279 | D:4      | Found a glowing drain.
   312 | Sewer    | Entered a sewer
   624 | D:5      | Entered Level 5 of the Dungeon
   710 | D:4      | Gained mutation: You have hoof-like feet. [demonic ancestry]
   710 | D:4      | Reached XP level 3. HP: 24/29 MP: 3/3
   727 | D:4      | Noticed an ogre
   984 | D:4      | Gained mutation: You regenerate a little health from kills. [demonic ancestry]
   984 | D:4      | Reached XP level 4. HP: 36/37 MP: 4/4
   988 | D:4      | Reached skill level 1 in Dodging
  1055 | D:4      | Quit the game

Vault maps used:
D:1:      lemuel_arrival_broad_hall, minmay_pentomino_r4
D:2:      lemuel_crystal_altar, tgw_xom, uniq_robin
D:4:      kennysheep_slug_shrine, serial_shops, shop, portal_sewer_entry_a,
          kennysheep_small_spiral
D:5:      first_bread, nicolae_ru_sacrificial_ziggurat
Sewer:    sewer_co_15_rooms

Skill      XL: |  1  2  3  4 |
---------------+-------------+-----
Long Blades    | 2 |  2.8
Armour         | 3 |  3.0
Dodging        | 1 |  1.0
Fighting       | |  3.7
Shields        | |  2.6

Action                   |  1- 3 |  4- 6 || total
-------------------------+-------+-------++-------
Melee: Long sword        |    73 |     8 ||    81
       Kick              |    18 |     4 ||    22
  Eat: Chunk             |       |     1 ||     1
Armor: Scale mail        |    37 |     4 ||    41
Dodge: Dodged            |    20 |     3 ||    23
